Unix NetHack Version 3.7.0-94 Work-in-progress - last build Dec 18 2023 00:11:04 (7e3deff068b9ef4f2ebb9a71ea0f5c4a3b578a14,branch:master). Game began 2023-12-20 09:25:08, ended 2023-12-20 09:55:39. elenmirie, neutral female gnomish Healer --- ----------- . ..........| . |.........| . |.........| . -.........| . |..<.......# -..{......|# -----------# # # # #### # ### ## ####################################**####### @d#d# # # # ###### #-.-.- . |*..| ... . |...| ... -...| ... |...| ... ----- ----- Elenmirie the Empiric St:11 Dx:9 Co:17 In:10 Wi:17 Ch:18 Neutral Dlvl:4 $:34 HP:0(48) Pw:57(57) AC:3 Xp:5/213 T:4649 Hungry Latest messages: You hit the werejackal. The werejackal hits! You hit the werejackal. The werejackal changes into a jackal. The werejackal bites! You feel feverish. The werejackal changes into a human. You hit the werejackal. The werejackal hits! You hit the werejackal. The werejackal hits! You hear some noises in the distance. You hit the werejackal. The werejackal misses! You hit the werejackal. The werejackal misses! You hit the werejackal. The werejackal misses! You hit the werejackal. The werejackal changes into a jackal. The werejackal bites! You hit the werejackal. The werejackal just misses! You miss the werejackal. The werejackal bites! You hit the werejackal. The werejackal bites! You miss the werejackal. The werejackal bites! You hit the werejackal. The werejackal bites! You hit the werejackal. The werejackal summons help! A jackal suddenly appears close by! The werejackal misses! You hit the werejackal. The werejackal bites! You hear some noises in the distance. You miss the werejackal. The werejackal bites! You hit the werejackal. The werejackal bites! You hit the werejackal. The werejackal bites! You die... Do you want your possessions identified? [ynq] (y) y Do you want to see your attributes? [ynq] (y) y Do you want an account of creatures vanquished? [ynaq] (y) y Do you want to see your conduct and achievements? [ynq] (y) y Do you want to see the dungeon overview? [ynq] (y) y Inventory: Coins $ - 34 gold pieces Weapons z - 25 uncursed +0 darts (at the ready) a - an uncursed +0 scalpel D - an uncursed very rusty +0 aklys (tethered weapon in right hand) Armor v - a cursed -1 pair of gauntlets of fumbling b - an uncursed +1 pair of leather gloves (being worn) Scrolls E - 4 uncursed scrolls of blank paper H - a cursed scroll of blank paper I - 2 uncursed scrolls of enchant armor G - an uncursed scroll of identify n - a cursed scroll of light r - a cursed scroll of magic mapping N - an uncursed scroll of scare monster Spellbooks i - a blessed spellbook of extra healing J - an uncursed spellbook of force bolt h - a blessed spellbook of healing j - a blessed spellbook of stone to flesh Potions u - a blessed potion of blindness Q - a blessed potion of confusion t - a blessed potion of monster detection x - a blessed potion of restore ability K - an uncursed potion of see invisible C - a potion of unholy water Wands M - an uncursed wand of fire (0:7) w - an uncursed wand of secret door detection (0:11) g - an uncursed wand of sleep (0:3) F - an uncursed wand of striking (0:5) Tools A - a cursed magic lamp e - an uncursed skeleton key P - an uncursed stethoscope B - an uncursed tallow candle p - an uncursed tin whistle s - an uncursed tin whistle Gems/Stones o - an uncursed luckstone Elenmirie the Healer's attributes: Background: You were an Empiric, a level 5 female gnomish Healer. You were neutral, on a mission for Hermes who was opposed by Athena (lawful) and Poseidon (chaotic). You were right-handed. You were in the Dungeons of Doom, on level 4. You entered the dungeon 4649 turns ago. You had 213 experience points, 107 more were needed to attain level 6. Basics: You had 0 out of 48 hit points. You had all 57 energy points (spell power). Your armor class was 3. Your wallet contained 34 zorkmids. Autopickup was on for '$' plus thrown. Final Characteristics: Your strength was 11 (limit:18/50). Your dexterity was 9 (limit:18). Your constitution was 17 (limit:18). Your intelligence was 10 (limit:19). Your wisdom was 17 (limit:18). Your charisma was 18 (limit:18). Final Status: You were hungry. You were unencumbered. You were wielding a club. You had basic skill with club and could have enhanced that. Final Attributes: You were piously aligned. You were poison resistant. You were level-drain resistant. You were telepathic. You had infravision. You had a small defense bonus (+5). You were warded. You were a werejackal. You were harmed by silver. You were lucky. You had extra luck. Bad luck did not time out for you. Good luck did not time out for you. You are dead. Miscellaneous: You encountered 1 bones level. Total elapsed playing time was 30 minutes and 29 seconds. Major events: Turn 1: elenmirie the neutral female gnomish Healer entered the dungeon 193: entered the Gnomish Mines 665: reached Mine Town 1296: attained the rank of Empiric (level 3) 4649: killed by a werejackal Vanquished creatures: a wood nymph a rock mole 2 shriekers a gnomish wizard a straw golem a paper golem 2 giant ants 5 floating eyes a kitten 3 dwarves a homunculus a kobold leader 4 hill orcs 2 monkeys 2 dwarf zombies a wererat 6 iguanas 4 acid blobs 3 hobbits 2 manes 4 giant rats 6 cave spiders a red mold 10 gnomes a garter snake a gnome zombie 7 geckos 10 jackals 2 foxes a goblin a sewer rat 4 grid bugs 7 lichens a kobold zombie 3 newts 103 creatures vanquished. No species were genocided or became extinct. Voluntary challenges: You read items or engraved 1 time. You never engraved Elbereth. You never genocided any monsters. You never polymorphed an object. You never changed form. You used no wishes. Achievements: You entered the Gnomish Mines. You entered Minetown. You entered a temple. You entered a shop. You attained the rank of Empiric. The Dungeons of Doom: levels 1 to 4 Level 1: A fountain. Level 2: A fountain, a grave. Level 3: Some fountains. Stairs down to The Gnomish Mines. Level 4: <- You were here. A fountain. Final resting place for you, killed by a werejackal, strathmeyer-Wiz-Elf-Mal-Cha, killed by an invisible stalker, strathmeyer-Wiz-Elf-Mal-Cha, killed by an invisible stalker, strathmeyer-Wiz-Elf-Mal-Cha, killed by an invisible stalker. The Gnomish Mines: levels 4 to 6 Level 4: Level 5: Level 6: Some shops, a temple and an altar to Hermes, some fountains, a sink. Game over: ---------- / \ / REST \ / IN \ / PEACE \ / \ | elenmirie | | 34 Au | | killed by a | | werejackal | | | | | | 2023 | *| * * * | * _________)/\\_//(\/(/\)/\//\/|_)_______ Goodbye elenmirie the Healer... You died in The Dungeons of Doom on dungeon level 4 with 1112 points, and 34 pieces of gold, after 4649 moves. You were level 5 with a maximum of 48 hit points when you died.